 Dungeon Crawl Stone Soup version 0.30-a0-165-g1891117ce2 (webtiles) character file.

Game seed: 15737313842189893463

2511 LnG the Covert (level 9, -3/51 HPs)
             Began as a Kobold Summoner on Sept 28, 2022.
             Was an Initiate of Yredelemnul.
             Slain by a wyvern (16 damage)
             ... on level 7 of the Dungeon.
             The game lasted 00:16:55 (8930 turns).

LnG the Covert (Kobold Summoner)                    Turns: 8930, Time: 00:16:55

Health: -3/51      AC:  3    Str:  8    XL:     9   Next: 83%
Magic:  13/16      EV: 18    Int: 21    God:    Yredelemnul [......]
Gold:   229        SH:  0    Dex: 21    Spells: 4/17 levels left

rFire   . . .      SeeInvis .    i - +3 dagger (speed)
rCold   + + +      Faith    .    (no shield)
rNeg    + . .      Spirit   .    a - +0 robe
rPois   .          Reflect  .    (no helmet)
rElec   .          Harm     .    n - scarf {rC+ rF+}
rCorr   .          Rampage  .    j - +0 pair of gloves
Will    .....                    (no boots)
Stlth   ++++++....               s - amulet of magic regeneration
HPRegen 0.17/turn                d - ring of ice
MPRegen 0.55/turn                t - ring "Duarist" {rC+ rN+ Str+3 Dex+6}

@: no status effects
A: small, no large weapons, nightstalker 3
a: Renounce Religion, Recall Undead Harvest


You were on level 7 of the Dungeon.
You worshipped Yredelemnul.
Yredelemnul was noncommittal.
You visited 2 branches of the dungeon, and saw 8 of its levels.

You collected 229 gold pieces.

Inventory:

Hand Weapons
 e - a +0 short sword
 i - a +3 dagger of speed (weapon)
Missiles
 r - 2 throwing nets
Armour
 a - a +0 robe (worn)
 j - a +0 pair of gloves (worn)
 n - a scarf of resistance (worn)
Jewellery
 d - a ring of ice (left hand)
 s - an amulet of magic regeneration (around neck)
 t - the ring "Duarist" (right hand) {rC+ rN+ Str+3 Dex+6}
   (You found it on level 4 of the Dungeon)

   [ring of dexterity]

   Str:       It affects your strength (+3).
   Dex:       It affects your dexterity (+6).
   rC:        It protects you from cold.
   rN:        It protects you from negative energy.
Wands
 v - a wand of iceblast (7)
Scrolls
 f - 4 scrolls of blinking
 g - 5 scrolls of teleportation
 h - 4 scrolls of vulnerability
 q - 3 scrolls of poison {unknown}
 y - 2 scrolls of silence {unknown}
 z - a scroll of noise {unknown}
Potions
 b - a potion of magic
 c - 3 potions of mutation
 k - a potion of might
 l - 2 potions of attraction {unknown}
 m - 2 potions of ambrosia {unknown}
 o - a potion of invisibility {unknown}
 p - 3 potions of heal wounds {unknown}
 u - 3 potions of curing {unknown}
 w - a potion of cancellation {unknown}
 x - 2 potions of brilliance {unknown}


   Skills:
 + Level 3.4 Fighting
 + Level 6.6 Short Blades
 + Level 5.6 Dodging
 + Level 10.9 Stealth
 + Level 4.7 Spellcasting
 + Level 1.0 Hexes
 + Level 6.4 Summonings


You had 4 spell levels left.
You knew the following spells:

 Your Spells              Type           Power      Damage    Failure   Level
a - Summon Small Mammal   Summ           100%       N/A       1%          1
b - Call Imp              Summ           32%        N/A       1%          2
c - Call Canine Familiar  Summ           32%        N/A       2%          3
d - Summon Guardian Gole  Hex/Summ       20%        N/A       8%          3
e - Summon Lightning Spi  Summ/Air       18%        N/A       30%         4

Your spell library contained the following spells:

 Spells                   Type           Power      Damage    Failure   Level
 Apportation              Tloc           8%         N/A       11%         1
 Kiss of Death            Conj/Necr      16%        2d6       11%         1
 Cigotuvi's Dreadful Rot  Necr/Pois/Air  8%         N/A       17%         2
 Poisonous Vapours        Pois/Air       8%         N/A       17%         2
 Confusing Touch          Hex            9%         N/A       22%         3
 Portal Projectile        Hex/Tloc       14%        N/A       26%         3
 Leda's Liquefaction      Hex/Erth       3%         N/A       65%         4
 Dispel Undead            Necr           4%         3d7       73%         4
 Alistair's Intoxication  Tmut/Pois      2%         N/A       97%         5
 Orb of Destruction       Conj           2%         9d5       100%        7
 Spellforged Servitor     Conj/Summ      9%         N/A       100%        7


Dungeon Overview and Level Annotations

Branches:
Dungeon (7/15)             Temple (1/1) D:4

Altars:
Ashenzari
Cheibriados
Dithmenos
Elyvilon
Fedhas
Gozag
Hepliaklqana
Makhleb
Nemelex Xobeh
Okawaru
Qazlal
Sif Muna
Trog
Uskayaw
Wu Jian
Xom
Yredelemnul
Zin
The Shining One


Innate Abilities, Weirdness & Mutations

You are small and have problems with some larger weapons.
You are completely attuned to the shadows.


Message History

Found 20 gold pieces.
u - 3 bubbling puce potions (gained 1)
A steam dragon comes into view.
You hear the steady creaking of a portcullis nearby.
Casting: Call Imp (safe; 1% risk of failure)
Confirm with . or Enter, or press ? or * to list all spells.
The steam dragon hisses angrily.
Unknown command.
You hit the steam dragon.
The steam dragon is lightly wounded.
The steam dragon breathes steam at you. The ball of steam hits you!!
You hear a shout!
You hear an angry hiss.
You hear a shout! x3
You hit the steam dragon but do no damage.
The steam dragon is lightly wounded.
You are engulfed in a cloud of scalding steam.
You hit the steam dragon.
The steam dragon is moderately wounded.
You are engulfed in a cloud of scalding steam.
Your hound bites the steam dragon.
The steam dragon bites you! The steam dragon claws you.
Really walk into that cloud of steam?
Okay, then.
Really walk into that cloud of steam?
An orc wizard and a wyvern come into view.
You are engulfed in a cloud of scalding steam.
* * * LOW HITPOINT WARNING * * *
The wyvern hisses angrily.
Your hound closely misses the steam dragon.
The steam dragon closely misses your hound. x2
Blink to where?
Press: ? - help, Dir - move target
As you read the scroll of blinking, it crumbles to dust.
The wyvern is engulfed in a cloud of scalding steam.
Casting: Call Canine Familiar (dangerous; 2% risk of failure)
Confirm with . or Enter, or press ? or * to list all spells.
The wyvern hisses menacingly.
The wyvern bites you!
You die...
Your body rises from the dead as a mindless zombie.

#.#.# #.#.#
#..##.
#...###.#.###.##
..<#...........#
#..#####...#####
#####..# ##.##
.......# #.#
#)..#######.#####
#<##[[...)..h....
#.##[#.#####@#.##
#.##.#.# #l#.#
#.##.#.# #.#.##
#.##.#.#####Z....
#.# #.>.....#
#Z##....#
..#.##.##.#
...D.ยง.##..
....hh....


You could see a wyvern (ally target), a friendly hound (summoned) and a friendly
orc zombie.

Vanquished Creatures
  Eustachio (D:4)
  Menkaure (D:5)
  Edmund (D:5)
  A water moccasin (D:6)
  An ice beast (D:5)
  A black bear (D:5)
  An ogre (D:6)
  A phantom (D:6)
  A kobold brigand (D:5)
  A bullfrog (D:6)
  A scorpion (D:5)
  5 wights
  A howler monkey (D:6)
  3 hounds
  An orc priest (D:6)
  Crazy Yiuf (D:5)
  A jelly (D:4)
  A gnoll bouda (D:6)
  An iguana (D:5)
  3 orc wizards
  8 adders
  9 gnolls
  A white imp (D:6)
  A worm (D:2)
  4 dart slugs
  8 orcs
  6 ball pythons
  2 bats
  6 endoplasms
  4 giant cockroaches
  6 goblins
  9 hobgoblins
  A jackal (D:1)
  A quokka (D:3)
  4 frilled lizards
  6 kobolds
  4 rats
108 creatures vanquished.

Vanquished Creatures (collateral kills)
  Sigmund (D:3)
  A wraith (D:6)
  A water moccasin (D:5)
  A kobold brigand (D:5)
  A gnoll sergeant (D:5)
  A wight (D:7)
  A hound (D:5)
  2 gnolls
  2 adders
  A dart slug (D:1)
  2 orcs
  A ball python (D:1)
  2 endoplasms (D:1)
  3 jackals (D:1)
  5 kobolds
  A quokka (D:1)
  2 frilled lizards (D:1)
  A goblin (D:1)
  A rat (D:1)
30 creatures vanquished.

Vanquished Creatures (others)
  A water moccasin zombie (D:5)
  2 hound zombies (D:5)
  An orc (D:5)
  2 gnoll zombies
  A kobold zombie (D:5)
  2 orc zombies (D:6)
  5 fungi (D:5)
14 creatures vanquished.

Grand Total: 152 creatures vanquished

Notes
Turn   | Place    | Note
-------+----------+-------------------------------------------
     0 | D:1      | LnG the Kobold Summoner began the quest for the Orb.
     0 | D:1      | Reached XP level 1. HP: 10/10 MP: 3/3
   198 | D:1      | Reached XP level 2. HP: 15/15 MP: 5/5
   205 | D:1      | Learned a level 2 spell: Call Imp
   331 | D:1      | Found a faded altar of an unknown god.
   538 | D:1      | Reached skill level 3 in Stealth
   553 | D:1      | Reached XP level 3. HP: 19/19 MP: 3/6
   591 | D:1      | Learned a level 3 spell: Call Canine Familiar
  1308 | D:2      | Reached XP level 4. HP: 21/24 MP: 7/7
  1635 | D:2      | Reached skill level 1 in Short Blades
  1919 | D:2      | Reached skill level 4 in Stealth
  1919 | D:2      | Reached XP level 5. HP: 28/28 MP: 8/8
  1923 | D:2      | Learned a level 3 spell: Summon Guardian Golem
  2641 | D:3      | Noticed Sigmund
  2647 | D:3      | Killed Sigmund
  2648 | D:3      | Reached skill level 1 in Fighting
  2648 | D:3      | Reached skill level 5 in Stealth
  2648 | D:3      | Reached skill level 5 in Summonings
  2648 | D:3      | Reached XP level 6. HP: 26/34 MP: 5/10
  3548 | D:4      | Reached skill level 6 in Stealth
  3817 | D:4      | Found a staircase to the Ecumenical Temple.
  3826 | Temple   | Entered the Ecumenical Temple
  4130 | Temple   | Became a worshipper of Yredelemnul the Dark
  4322 | D:4      | Noticed Eustachio
  4336 | D:4      | Killed Eustachio
  4337 | D:4      | Reached skill level 7 in Stealth
  4337 | D:4      | Reached XP level 7. HP: 28/38 MP: 9/11
  4419 | D:5      | Entered Level 5 of the Dungeon
  4461 | D:4      | Identified the ring "Duarist" {rC+ rN+ Str+3 Dex+6}
  4713 | D:5      | Reached skill level 8 in Stealth
  4713 | D:5      | Reached XP level 8. HP: 43/43 MP: 12/12
  4716 | D:5      | Reached * piety under Yredelemnul
  4732 | D:5      | Learned a level 4 spell: Summon Lightning Spire
  4871 | D:5      | Reached ** piety under Yredelemnul
  5421 | D:5      | Reached *** piety under Yredelemnul
  5435 | D:5      | Reached skill level 9 in Stealth
  5912 | D:5      | Noticed Edmund
  5923 | D:5      | Killed Edmund
  5924 | D:5      | Reached skill level 5 in Short Blades
  6402 | D:5      | Noticed Menkaure
  6405 | D:5      | Killed Menkaure
  6406 | D:5      | Reached XP level 9. HP: 49/49 MP: 13/15
  6586 | D:5      | Found a runed translucent door.
  6589 | D:5      | Noticed Crazy Yiuf
  6601 | D:5      | Killed Crazy Yiuf
  6827 | D:6      | Reached skill level 5 in Dodging
  7049 | D:6      | Reached skill level 10 in Stealth
  7719 | D:6      | Reached skill level 1 in Hexes
  8930 | D:7      | Slain by a wyvern

Illustrated notes

Levels and vault maps discovered:
D:1:      minmay_arrival_four_loops, layout_loops_ring, basic_ecumenical_altar
D:2:      layout_basic, serial_aquarium, aquarium_bridge_long_joined
          [aquarium_subvault_bridge, aquarium_subvault_bridge,
          aquarium_subvault_window, aquarium_subvault_bridge,
          aquarium_subvault_balcony, aquarium_subvault_wall],
          aquarium_bridge_island_small [aquarium_subvault_small_water,
          aquarium_subvault_wall, aquarium_subvault_bridge,
          aquarium_subvault_bridge, aquarium_subvault_window],
          aquarium_window_2, aquarium_window_double, aquarium_view_2f,
          aquarium_view_2b, aquarium_pool_S
D:3:      layout_basic, uniq_sigmund
D:4:      layout_layer_cave, minmay_temple_entry_slanted,
          nicolae_concentric_dashed_squares_mild, minmay_misc_feat_encased,
          kennysheep_small_circle, uniq_eustachio
D:5:      cheibrodos_thug_alley, layout_cave_pods, minmay_misc_feat_doors,
          st_stairs_9, mrwooster_statue_mirror, kennysheep_boxes, uniq_menkaure,
          uniq_crazy_yiuf_cottage, uniq_edmund
D:6:      minmay_evil_eye, layout_basic
D:7:      layout_loops_ring, enter_bailey_8, hangedman_decor_growths,
          minmay_misc_feat_four_crosses, minmay_misc_feat_ornament,
          minmay_misc_feat_x, minmay_misc_feat_cross,
          chequers_serial_rivers_micro_e, minivault_19, uniq_prince_ribbit1,
          uniq_maggie
Temple:   compressed_dpeg_triangle_lava_temple

Skill      XL: |  1  2  3  4  5  6  7  8  9 |
---------------+----------------------------+-----
Stealth        | 3 4 5 7 8 9 10 | 10.9
Short Blades   | 1 2 3 5 6 |  6.6
Fighting       | 1 2 3 |  3.4
Dodging        | 3 4 5 |  5.6
Summonings     | 5 6 |  6.4
Spellcasting   | 3 4 |  4.7
Hexes          | 1 |  1.0

Action                   |  1- 3 |  4- 6 |  7- 9 || total
-------------------------+-------+-------+-------++-------
Melee: Unarmed           |     5 |       |       ||     5
       Short sword       |    49 |       |       ||    49
       Dagger            |     7 |    89 |   250 ||   346
       Punch             |     1 |     1 |     5 ||     7
 Cast: Summon Small Mamm |     4 |       |       ||     4
       Call Imp          |     4 |     2 |     2 ||     8
       Call Canine Famil |     1 |     3 |    16 ||    20
       Summon Guardian G |       |       |     1 ||     1
  Use: Scroll            |       |     5 |     3 ||     8
 Stab: Sleeping          |     6 |    27 |    19 ||    52
       Distracted        |     1 |     1 |     2 ||     4
Armor: Robe              |    11 |     7 |     8 ||    26
Dodge: Dodged            |    65 |    36 |    90 ||   191

Table legend: (Time is in decaauts)
 A = Elapsed time spent in this place.
 B = Non-inter-level travel time spent in this place.
 C = Inter-level travel time spent in this place.
 D = Time resting spent in this place.
 E = Time spent auto-exploring this place.
 F = Levels seen in this place.
 G = Mean time per level.
                   A        B        C        D        E       F      G
               +--------+--------+--------+--------+--------+-----+--------+
         Total |   8782 |   8449 |    333 |   1998 |   5221 |   8 | 1097.8 |
       Dungeon |   8462 |   8164 |    298 |   1998 |   4955 |   7 | 1208.9 |
        Temple |    319 |    284 |     35 |      0 |    266 |   1 |  319.0 |
               +--------+--------+--------+--------+--------+-----+--------+

Top non-repeatable levels by time:
     D:6: 2086 daAuts
     D:5: 2005 daAuts
     D:4: 1316 daAuts
     D:2: 1192 daAuts
     D:1: 1089 daAuts
     D:3: 645 daAuts
  Temple: 319 daAuts
     D:7: 126 daAuts
